 Dungeon Crawl Stone Soup version 0.28-a0-819-g6ef7baa362 (webtiles) character file.

Game seed: 4815226469771915389

1522 pascalblue the Destroyer (level 8, 0/41 HPs)
             Began as a Deep Elf Conjurer on Nov 8, 2021.
             Slain by Duvessa (18 damage)
             ... on level 7 of the Dungeon.
             The game lasted 00:22:39 (6534 turns).

pascalblue the Destroyer (Deep Elf Conjurer)        Turns: 6534, Time: 00:22:39

Health: 0/41       AC:  7    Str:  4    XL:     8   Next: 54%
Magic:  1/20       EV: 12    Int: 26    God:
Gold:   338        SH:  0    Dex: 13    Spells: 5/20 levels left

rFire   + . .      SeeInvis .   u - +5 rapier (venom)
rCold   . . .      Faith    .   (no shield)
rNeg    . . .      Spirit   .   a - +0 robe
rPois   .          Reflect  .   (no helmet)
rElec   .          Harm     +   (no cloak)
rCorr   .          Rampage  .   e - +2 pair of gloves
Will    .....                   i - +1 pair of boots "Vif Zuru" {Harm rF+ Regen+}
Stlth   ++........              (no amulet)
HPRegen 1.13/turn               (no ring)
MPRegen 0.17/turn               (no ring)

@: no status effects
A: no striking features
a: no special abilities


You were on level 7 of the Dungeon.
You visited 1 branch of the dungeon, and saw 7 of its levels.

You collected 338 gold pieces.

Inventory:

Hand Weapons
 f - a +5 short sword of freezing
 u - a +5 rapier of venom (weapon)
Missiles
 s - 3 boomerangs
Armour
 a - a +0 robe (worn)
 e - a +2 pair of gloves (worn)
 i - the +1 pair of boots "Vif Zuru" (worn) {Harm rF+ Regen+}
   (You found it on level 4 of the Dungeon)

   rF:        It protects you from fire.
   Regen:     It increases your rate of health regeneration.
   Harm:      It increases damage dealt and taken.
Jewellery
 r - a ring of see invisible
Wands
 o - a wand of paralysis (9)
 t - a wand of digging (6)
Scrolls
 g - a scroll of blinking
 l - 3 scrolls of teleportation
 n - a scroll of fear
Potions
 b - 4 potions of berserk rage
 c - a potion of haste
 d - 4 potions of curing
 h - a potion of degeneration {unknown}
 j - a potion of brilliance {unknown}
 k - a potion of magic
 m - a potion of might {unknown}
 p - 3 potions of flight
 q - 2 potions of resistance {unknown}


   Skills:
 - Level 2.4 Dodging
 - Level 2.4 Stealth
 + Level 6.9 Spellcasting
 * Level 8.9 Conjurations
 + Level 4.7 Hexes
 + Level 3.7 Translocations
 + Level 3.8 Fire Magic


You had 5 spell levels left.
You knew the following spells:

 Your Spells              Type           Power      Damage    Failure   Level
a - Magic Dart            Conj           100%       1d8       1%          1
b - Searing Ray           Conj           100%       2d8       1%          2
c - Fulminant Prism       Conj/Hex       22%        3d13      3%          4
d - Iskenderun's Mystic   Conj/Tloc      42%        2d10      4%          4
e - Foxfire               Conj/Fire      100%       2x1d9     1%          1
f - Conjure Flame         Conj/Fire      42%        6-21      1%          3

Your spell library contained the following spells:

 Spells                   Type           Power      Damage    Failure   Level
 Dazzling Flash           Conj/Hex       88%        N/A       1%          3
 Inner Flame              Hex/Fire       31%        N/A       3%          3
 Stone Arrow              Conj/Erth      64%        3d11      3%          3
 Flame Wave               Conj/Fire      42%        3d8       4%          4
 Pain                     Necr           36%        1d5       6%          1
 Frozen Ramparts          Ice            18%        1d3       19%         3
 Animate Armour           Summ/Erth      18%        N/A       54%         4
 Ice Form                 Ice/Tmut       9%         N/A       54%         4
 Summon Ice Beast         Ice/Summ       9%         N/A       54%         4
 Agony                    Necr           9%         N/A       87%         5
 Excruciating Wounds      Necr           4%         N/A       87%         5
 Lehudib's Crystal Spear  Conj/Erth      16%        10d5      100%        8


Dungeon Overview and Level Annotations

Branches:
Dungeon (7/15)             Temple (0/1) D:6

Altars:
Makhleb
Uskayaw

Annotations:
D:7 Duvessa


Message History

Aiming: Magic Dart (safe; 1% risk of failure)
Press: ? - help, Shift-Dir - straight line, f - Duvessa
Aim: Duvessa, wielding a +0 short sword and wearing a +3 scale mail of positive energy (moderately wounded, berserk, fast, ally target, 100% to hit)
The magic dart hits Duvessa but does no damage.
Duvessa is moderately wounded.
Your fulminant prism crackles loudly.
Casting: Magic Dart (safe; 1% risk of failure)
Confirm with . or Enter, or press ? or * to list all spells.
Aiming: Searing Ray (safe; 1% risk of failure)
Press: ? - help, Shift-Dir - straight line, f/p - Duvessa
Aim: Duvessa, wielding a +0 short sword and wearing a +3 scale mail of positive energy (moderately wounded, berserk, fast, ally target, 87% to hit)
Really fire in your fulminant prism's direction?
Okay, then.
Casting: Searing Ray (safe; 1% risk of failure)
Confirm with . or Enter, or press ? or * to list all spells.
Aiming: Magic Dart (safe; 1% risk of failure)
Press: ? - help, Shift-Dir - straight line, f/p - Duvessa
Aim: Duvessa, wielding a +0 short sword and wearing a +3 scale mail of positive energy (moderately wounded, berserk, fast, ally target, 100% to hit)
The magic dart hits Duvessa but does no damage.
Duvessa is moderately wounded.
Duvessa hits you with a +0 short sword.
Your fulminant prism explodes!
The blast of energy engulfs Duvessa!!
Duvessa is severely wounded.
Casting: Magic Dart (safe; 1% risk of failure)
Confirm with . or Enter, or press ? or * to list all spells.
You don't have enough magic to cast this spell.
Unknown command.
Casting: Magic Dart (safe; 1% risk of failure)
Confirm with . or Enter, or press ? or * to list all spells.
Aiming: Magic Dart (safe; 1% risk of failure)
Press: ? - help, Shift-Dir - straight line, f/p - Duvessa
Aim: Duvessa, wielding a +0 short sword and wearing a +3 scale mail of positive energy (severely wounded, berserk, fast, 100% to hit)
The magic dart hits Duvessa.
Duvessa is severely wounded.
Duvessa hits you with a +0 short sword. Duvessa completely misses you.
You closely miss Duvessa.
Duvessa is severely wounded.
Duvessa hits you with a +0 short sword! x2
You die...

.....#.....# #...
[..(.##....# #...
.....##....### ####
.....##......#
.....##......#
.....##......######
.....######.......#
###### ########.#
......e@.#
##.....### #.###.
#. #. #. #. ##


You could see Duvessa (berserk, fast).

Vanquished Creatures
  A black bear (D:6)
  2 ice beasts (D:7)
  An orc warrior (D:7)
  A centaur (D:7)
  A necrophage (D:5)
  A gnoll sergeant (D:7)
  A scorpion (D:5)
  A wyvern skeleton (D:7)
  Dowan (D:7)
  6 wights
  A howler monkey (D:7)
  A hound (D:4)
  A bullfrog skeleton (D:3)
  3 centaur skeletons
  3 orc wizards (D:7)
  4 iguanas
  A hound zombie (D:5)
  A howler monkey zombie (D:7)
  Robin (D:4)
  4 adders
  A shadow imp (D:7)
  An ufetubus (D:5)
  A worm (D:3)
  A dart slug (D:1)
  6 orcs
  4 bats
  7 endoplasms
  A giant cockroach (D:3)
  12 goblins
  7 hobgoblins
  2 jackals (D:3)
  6 quokkas
  5 ball pythons
  7 kobolds
  4 rats
  A fulminant prism (D:7)
102 creatures vanquished.

Vanquished Creatures (others)
  7 fulminant prisms (D:7)
7 creatures vanquished.

Grand Total: 109 creatures vanquished

Notes
Turn   | Place    | Note
-------+----------+-------------------------------------------
     0 | D:1      | pascalblue the Deep Elf Conjurer began the quest for the
                  | Orb.
     0 | D:1      | Reached XP level 1. HP: 10/10 MP: 6/6
   182 | D:1      | Reached XP level 2. HP: 15/15 MP: 6/8
   437 | D:1      | Reached skill level 5 in Conjurations
   480 | D:1      | Found a faded altar of an unknown god.
   648 | D:1      | Learned a level 2 spell: Searing Ray
   864 | D:2      | Found a burning altar of Makhleb.
   869 | D:2      | Reached XP level 3. HP: 19/19 MP: 6/10
  1908 | D:3      | Reached XP level 4. HP: 24/24 MP: 10/12
  2026 | D:3      | Reached skill level 6 in Conjurations
  2576 | D:4      | Identified the +1 pair of boots "Vif Zuru" {Harm rF+
                  | Regen+}
  2774 | D:4      | Noticed Robin
  2822 | D:4      | Killed Robin
  2823 | D:4      | Reached XP level 5. HP: 28/28 MP: 7/14
  3204 | D:5      | Entered Level 5 of the Dungeon
  3205 | D:5      | Noticed a necrophage
  3218 | D:5      | Learned a level 4 spell: Fulminant Prism
  3223 | D:5      | Learned a level 4 spell: Iskenderun's Mystic Blast
  3225 | D:5      | Learned a level 1 spell: Foxfire
  3233 | D:5      | Killed a necrophage
  3234 | D:5      | Reached skill level 5 in Spellcasting
  3234 | D:5      | Reached skill level 1 in Hexes
  3234 | D:5      | Reached XP level 6. HP: 32/32 MP: 10/15
  3238 | D:5      | Learned a level 3 spell: Conjure Flame
  3715 | D:5      | Reached skill level 7 in Conjurations
  3715 | D:5      | Reached skill level 1 in Translocations
  3715 | D:5      | Reached skill level 1 in Fire Magic
  4870 | D:6      | Reached XP level 7. HP: 36/36 MP: 9/17
  5082 | D:6      | Found a hide-covered altar of Uskayaw.
  5129 | D:6      | Found a staircase to the Ecumenical Temple.
  5533 | D:7      | Reached skill level 8 in Conjurations
  5942 | D:7      | Reached XP level 8. HP: 41/41 MP: 11/19
  6515 | D:7      | Noticed Dowan
  6515 | D:7      | Noticed Duvessa
  6524 | D:7      | Killed Dowan
  6534 | D:7      | Slain by Duvessa

Illustrated notes

Levels and vault maps discovered:
D:1:      eino_arrival_druids_welcome, layout_rooms,
          shapermc_ecumenical_altar_flowoftime
D:2:      layout_loops_ring, basic_altar
D:3:      layout_basic
D:4:      layout_cave_pools, kennysheep_generic_room_10, uniq_robin
D:5:      layout_layer_cave, kennysheep_cross_bottleneck, kennysheep_minor_cross
D:6:      layout_cave_pods, mainiacjoe_overflow_surrounded_room,
          minmay_temple_entry_statues_fountains, roderic_filled_cross
D:7:      layout_basic, minmay_checkerbox, uniq_duvessa

Skill      XL: |  1  2  3  4  5  6  7  8 |
---------------+-------------------------+-----
Conjurations   | 5 6 7 8 |  8.9
Spellcasting   | 4 5 6 |  6.9
Hexes          | 1 2 3 4 |  4.7
Translocations | 1 3 |  3.7
Fire Magic     | 1 3 |  3.8
Dodging        | |  2.4
Stealth        | |  2.4

Action                   |  1- 3 |  4- 6 |  7- 9 || total
-------------------------+-------+-------+-------++-------
Melee: Short sword       |       |    12 |     1 ||    13
       Rapier            |       |       |     1 ||     1
 Cast: Magic Dart        |    69 |    49 |    34 ||   152
       Searing Ray       |       |    12 |    20 ||    32
       Fulminant Prism   |       |       |     8 ||     8
       Conjure Flame     |       |       |     1 ||     1
  Use: Scroll            |     7 |     7 |     4 ||    18
Armor: Robe              |       |     8 |     2 ||    10
Dodge: Dodged            |     2 |    17 |    11 ||    30

Table legend: (Time is in decaauts)
 A = Elapsed time spent in this place.
 B = Non-inter-level travel time spent in this place.
 C = Inter-level travel time spent in this place.
 D = Time resting spent in this place.
 E = Time spent auto-exploring this place.
 F = Levels seen in this place.
 G = Mean time per level.
                   A        B        C        D        E       F      G
               +--------+--------+--------+--------+--------+-----+--------+
         Total |   6534 |   6353 |    181 |    365 |   5283 |   7 |  933.4 |
       Dungeon |   6534 |   6353 |    181 |    365 |   5283 |   7 |  933.4 |
               +--------+--------+--------+--------+--------+-----+--------+

Top non-repeatable levels by time:
     D:5: 1268 daAuts
     D:7: 1095 daAuts
     D:3: 1029 daAuts
     D:6: 964 daAuts
     D:2: 803 daAuts
     D:1: 734 daAuts
     D:4: 637 daAuts
